 Dungeon Crawl Stone Soup version 0.31-a0-819-gf6de2f5ab6 (webtiles) character file.

Game seed: 3730307071498014126

1589 qw the Skirmisher (level 8, -5/52 HPs)
             Began as a Gargoyle Hunter on Sept 23, 2023.
             Slain by Duvessa
             ... wielding a +5 short sword of venom
              (12 damage)
             ... on level 5 of the Dungeon.
             The game lasted 00:01:55 (3789 turns).

qw the Skirmisher (Gargoyle Hunter)                 Turns: 3789, Time: 00:01:56

Health: -5/52      AC: 16    Str: 16    XL:     8   Next: 92%
Magic:  8/8        EV: 12    Int:  7    God:
Gold:   698        SH:  0    Dex: 21    Spells: 7/7 levels left

rFire   . . .        Y - +3 shortbow
rCold   + . .        (shield currently unavailable)
rNeg    + . .        i - +1 ring mail {rC+}
rPois   inf          v - +0 helmet
rElec   +            a - +0 cloak
rCorr   .            e - +0 pair of gloves
SInv    .            w - +0 pair of boots
Will    +....        p - amulet of regeneration
Stlth   +            c - ring of willpower
HPRegen 1.08/turn    q - +6 ring of dexterity
MPRegen 0.11/turn

%: no passive effects
@: no status effects
A: sickness immunity, AC +5, negative energy resistance 1, electricity
resistance, torment resistance 1, petrification resistance, hooves 1, dopey 1
a: no special abilities


You were on level 5 of the Dungeon.
You visited 1 branch of the dungeon, and saw 5 of its levels.

You collected 698 gold pieces.


Innate Abilities, Weirdness & Mutations

You are immune to sickness and miasma.
Your stone body is resilient. (AC +5)
You are immune to poison.
You resist negative energy. (rN+)
You are resistant to electric shocks. (rElec)
You are resistant to unholy torment.
You are immune to petrification.
You have large cloven feet.
You are dopey. (Int -2)


   Skills:
 - Level 6.4 Fighting
 + Level 9.1 Ranged Weapons
 - Level 3.3 Armour
 - Level 3.1 Dodging
 - Level 1.1 Stealth


You had 7 spell levels left.
You didn't know any spells.
Your spell library was empty.

Inventory:

Hand Weapons
 Y - a +3 shortbow (weapon)
Armour
 a - a +0 cloak (worn)
 e - a +0 pair of gloves (worn)
 i - a +1 ring mail of cold resistance (worn)
 v - a +0 helmet (worn)
 w - a +0 pair of boots (worn)
Jewellery
 c - a ring of willpower (left hand)
 p - an amulet of regeneration (around neck)
 q - a +6 ring of dexterity (right hand)
 s - a +6 ring of strength
Scrolls
 b - a scroll of immolation {unknown}
 o - 2 scrolls of identify
 r - a scroll of teleportation {unknown}
Potions
 d - 2 potions of curing
 f - a potion of resistance {unknown}
 g - a potion of degeneration {unknown}
 h - a potion of lignification {unknown}
 j - a potion of invisibility {unknown}
 k - a potion of berserk rage {unknown}
 l - a potion of enlightenment
 m - 2 potions of haste {unknown}
 n - a potion of mutation

Dungeon Overview and Level Annotations

Branches:
Dungeon (5/15)
 Temple: D:4-7

Altars:
Dithmenos
Hepliaklqana
Wu Jian
Yredelemnul

Annotations:
D:3 1 runed translucent door, Crazy Yiuf
D:5 Duvessa


Message History

Duvessa hits you with a +5 short sword of venom.
You shoot an arrow. The arrow barely misses Duvessa.
Duvessa closely misses you. x2
You shoot an arrow. The arrow hits Duvessa!
Duvessa is heavily wounded.
Duvessa hits you but does no damage.
You shoot an arrow. The arrow hits Duvessa.
Duvessa is heavily wounded.
Duvessa hits you with a +5 short sword of venom.
Duvessa closely misses you.
You shoot an arrow. The arrow hits Duvessa.
Duvessa is heavily wounded.
Duvessa hits you with a +5 short sword of venom!
You shoot an arrow. The arrow hits Duvessa!
Duvessa is severely wounded.
Duvessa closely misses you. Duvessa hits you but does no damage.
You shoot an arrow. The arrow hits Duvessa.
Duvessa is almost dead.
Duvessa hits you with a +5 short sword of venom!
You shoot an arrow.
The arrow hits Duvessa but does no damage.
Duvessa is almost dead.
Duvessa hits you with a +5 short sword of venom.
Duvessa barely misses you.
You shoot an arrow.
The arrow hits Duvessa but does no damage.
Duvessa is almost dead.
Duvessa hits you with a +5 short sword of venom.
You shoot an arrow.
The arrow hits Duvessa but does no damage.
Duvessa is almost dead.
Duvessa barely misses you. Duvessa hits you but does no damage.
You shoot an arrow. The arrow hits Duvessa.
Duvessa is almost dead.
Duvessa barely misses you.
You shoot an arrow.
The arrow hits Duvessa but does no damage.
Duvessa is almost dead.
Duvessa hits you with a +5 short sword of venom!
You die...

.##.......##....
.....##...........#
.#................#
.##...###...# #.. #
....#.....######.##.#
#....#..............
...........####..#
##.#..#.........e#####
##%.....##....).@....## ..
...####..##.##)#...#..# #..
...# ##..#.#<.###.##.####...
..## #.....## #..........
.## #..#.#######........
.#########..........[.#.###.
[........>....#######....#
#..########...###........#
##..## #.....>...#....#


You could see Duvessa (berserk).

Vanquished Creatures
  Pikel (D:4)
  Prince Ribbit (D:5)
  2 phantoms
  A scorpion (D:4)
  Dowan (D:5)
  A howler monkey (D:4)
  A jelly (D:4)
  2 hounds
  2 gnoll boudas (D:4)
  Jessica (D:3)
  Ijyb (D:4)
  Natasha (D:4)
  3 iguanas
  An orc wizard (D:3)
  Robin (D:3)
  6 adders
  7 gnolls
  3 white imps
  5 worms
  3 dart slugs
  6 orcs
  11 ball pythons
  12 endoplasms
  A giant cockroach (D:3)
  17 goblins
  8 hobgoblins
  4 jackals (D:1)
  3 kobolds (D:1)
  2 quokkas
  2 bats
  3 frilled lizards
  4 rats
117 creatures vanquished.

Notes
Turn   | Place    | Note
-------+----------+-------------------------------------------
     0 | D:1      | qw the Gargoyle Hunter began the quest for the Orb.
     0 | D:1      | Reached XP level 1. HP: 12/12 MP: 1/1
     0 | D:1      | 0 ||| qw: Version: 0.3-a-83-gcd0e7d8
     0 | D:1      | 0 ||| qw: Game counter: 1666
     0 | D:1      | 0 ||| qw: Melee chars always use a shield: true
     0 | D:1      | 0 ||| qw: God list: Okawaru
     0 | D:1      | 0 ||| qw: Allow faded altars: false
     0 | D:1      | 0 ||| qw: Do Orc after clearing Dungeon:15 true
     0 | D:1      | 0 ||| qw: Do second Lair branch before Depths: true
     0 | D:1      | 0 ||| qw: Lair rune preference: random
     0 | D:1      | 0 ||| qw: Goals: Normal
     0 | D:1      | 0 ||| PLANNING D:1-11
   202 | D:1      | Reached XP level 2. HP: 17/17 MP: 2/2
   307 | D:1      | Found a faded altar of an unknown god.
   359 | D:1      | Reached XP level 3. HP: 21/21 MP: 3/3
   363 | D:1      | Reached skill level 5 in Ranged Weapons
   678 | D:1      | 678 ||| UPGRADING to +0 pair of gloves.
   683 | D:1      | 683 ||| UPGRADING to +0 ring mail.
   693 | D:1      | 693 ||| DROPPING +0 leather armour.
   694 | D:1      | 694 ||| READING scroll labelled RURREV VIKHLIOC.
   712 | D:1      | 712 ||| READING scroll labelled TILE RAOCOADGH.
   713 | D:1      | 713 ||| READING scroll labelled DOMESE TUSHRA.
   714 | D:1      | 714 ||| READING scroll labelled QUTHOX ROEH.
   715 | D:1      | 715 ||| DROPPING scroll of butterflies.
   770 | D:2      | Found a basalt altar of Yredelemnul.
   885 | D:2      | Reached skill level 1 in Armour
  1160 | D:2      | Reached skill level 3 in Fighting
  1160 | D:2      | Reached XP level 4. HP: 28/28 MP: 4/4
  1378 | D:2      | 1378 ||| READING 2 scrolls labelled VIJOGR FIGY.
  1379 | D:2      | 1379 ||| READING scroll of enchant weapon.
  1379 | D:2      | 1379 ||| ENCHANTING +1 shortbow.
  1380 | D:2      | 1380 ||| DRINKING 2 fuming ruby potions.
  1381 | D:2      | 1381 ||| DRINKING 2 smoky grey potions.
  1381 | D:2      | Gained mutation: You are dopey. (Int -2) [potion of
                  | mutation]
  1381 | D:2      | Gained mutation: You have large cloven feet. [potion of
                  | mutation]
  1415 | D:3      | Found a runed translucent door.
  1416 | D:3      | Noticed Crazy Yiuf
  1761 | D:3      | Reached XP level 5. HP: 32/32 MP: 5/5
  1956 | D:3      | Noticed Robin
  1970 | D:3      | Killed Robin
  2058 | D:3      | Reached skill level 6 in Ranged Weapons
  2078 | D:3      | Noticed Jessica
  2080 | D:3      | Killed Jessica
  2125 | D:3      | 2125 ||| UPGRADING to +0 cloak.
  2130 | D:3      | 2130 ||| UPGRADING to +0 helmet.
  2135 | D:3      | 2135 ||| UPGRADING to +0 pair of boots.
  2140 | D:3      | 2140 ||| UPGRADING to amulet of guardian spirit.
  2145 | D:3      | 2145 ||| UPGRADING to amulet of regeneration.
  2155 | D:3      | 2155 ||| DROPPING amulet of guardian spirit.
  2156 | D:3      | 2156 ||| UPGRADING to ring of willpower.
  2157 | D:3      | 2157 ||| UPGRADING to +6 ring of dexterity.
  2158 | D:3      | 2158 ||| DROPPING ring of positive energy.
  2159 | D:3      | 2159 ||| READING scroll labelled JAFUIR KUR XIT.
  2260 | D:3      | 2260 ||| READING scroll labelled RENLUN NIOKHOI.
  2261 | D:3      | 2261 ||| READING 2 scrolls labelled IFEPNU FUFI.
  2262 | D:3      | 2262 ||| READING scroll labelled KUNARE BOUG.
  2263 | D:3      | 2263 ||| DRINKING 3 fuming brown potions.
  2264 | D:3      | 2264 ||| DROPPING scroll of revelation.
  2325 | D:4      | 2325 ||| RETREEAATING.
  2345 | D:4      | Reached XP level 6. HP: 14/37 MP: 6/6
  2390 | D:4      | 2390 ||| RETREEAATING.
  2506 | D:4      | Reached XP level 7. HP: 40/43 MP: 7/7
  2660 | D:4      | Reached skill level 7 in Ranged Weapons
  2797 | D:4      | Found a hazy altar of Hepliaklqana.
  2859 | D:4      | Noticed Pikel
  2859 | D:4      | 2859 ||| RETREEAATING.
  2860 | D:4      | 2860 ||| STILL RETREEAATING.
  2861 | D:4      | 2861 ||| STILL RETREEAATING.
  2862 | D:4      | 2862 ||| STILL RETREEAATING.
  2863 | D:4      | 2863 ||| RETREEAATING.
  2864 | D:4      | 2864 ||| Stepping ~*~*~tactically~*~*~ (retreating).
  2865 | D:4      | 2865 ||| Stepping ~*~*~tactically~*~*~ (retreating).
  2880 | D:4      | Killed Pikel
  2881 | D:4      | Reached skill level 9 in Ranged Weapons
  2881 | D:4      | Reached XP level 8. HP: 33/48 MP: 8/8
  2923 | D:4      | Found a shadowy altar of Dithmenos.
  2950 | D:4      | Noticed Ijyb
  2968 | D:4      | Killed Ijyb
  3119 | D:4      | Noticed Natasha
  3120 | D:4      | 3120 ||| UPGRADING to +1 ring mail of cold resistance.
  3132 | D:4      | Killed Natasha
  3138 | D:4      | 3138 ||| DROPPING +0 ring mail.
  3139 | D:4      | Found an ornate altar of the Wu Jian Council.
  3406 | D:4      | 3406 ||| READING 2 scrolls labelled ZEOSABBO GYOM.
  3407 | D:4      | 3407 ||| DROPPING scroll of blinking.
  3439 | D:5      | Entered Level 5 of the Dungeon
  3443 | D:5      | Noticed Dowan
  3444 | D:5      | 3444 ||| STAIRDANCE
  3454 | D:5      | 3454 ||| STAIRDANCE
  3462 | D:5      | 3462 ||| STAIRDANCE
  3467 | D:5      | 3467 ||| STAIRDANCE
  3483 | D:5      | 3483 ||| STAIRDANCE
  3500 | D:5      | Killed Dowan
  3501 | D:5      | Reached skill level 3 in Armour
  3589 | D:5      | 3589 ||| READING scroll of enchant weapon.
  3589 | D:5      | 3589 ||| ENCHANTING +2 shortbow.
  3610 | D:5      | Noticed Prince Ribbit
  3630 | D:5      | Killed Prince Ribbit
  3631 | D:5      | Reached skill level 6 in Fighting
  3647 | D:5      | 3647 ||| FLEEEEING.
  3648 | D:5      | 3648 ||| FLEEEEING.
  3723 | D:5      | Reached skill level 3 in Dodging
  3766 | D:5      | Noticed Duvessa
  3782 | D:5      | HP: 13/52 [Duvessa/+5 short sword of venom (12)]
  3785 | D:5      | HP: 5/52 [Duvessa/+5 short sword of venom (5)]
  3789 | D:5      | Slain by Duvessa

Levels and vault maps discovered:
D:1:      dpeg_arrival_snail, layout_basic, dreamdust_ecumenical_altar_grove
D:2:      layout_loops_cross, basic_altar
D:3:      layout_loops_ring, skrybe_limestone_x, hex_medium, minmay_pentangle,
          uniq_crazy_yiuf_cottage, uniq_robin, uniq_jessica
D:4:      minmay_polygon_palace, layout_loops_ring,
          nicolae_dithmenos_the_darkroom, mainiacjoe_overflow_catch_the_wave,
          corexii_item_surrounded_by_moat, feat_on_display, uniq_pikel,
          uniq_natasha, uniq_ijyb
D:5:      layout_rooms, kennysheep_orc_sif_temple, serial_bayou_pond_d,
          amcnicky_mini_pool_small, uniq_duvessa, uniq_prince_ribbit1

Skill      XL: |  1  2  3  4  5  6  7  8 |
---------------+-------------------------+-----
Ranged Weapons | 5 6 9 |  9.1
Armour         | 1 2 3 |  3.3
Fighting       | 3 4 6 |  6.4
Dodging        | 2 3 |  3.1
Stealth        | |  1.1

Action                     |  1- 3 |  4- 6 |  7- 9 || total
---------------------------+-------+-------+-------++-------
   Fire: Shortbow          |   111 |   172 |   179 ||   462
    Use: Scroll            |     4 |     6 |     2 ||    12
         Potion            |       |     3 |       ||     3
 Armour: Leather armour    |     7 |       |       ||     7
         Ring mail         |    15 |    97 |    77 ||   189
         Skin              |       |       |     3 ||     3
  Dodge: Dodged            |    30 |    76 |    60 ||   166

Table legend:
 A = Non-vault XP
 B = Vault XP
 C = Vault XP percentage of total XP
 D = Non-vault monster count
 E = Vault monster count
 F = Vault count percentage of total count
                 A         B        C        D         E       F
            +---------+---------+-------+---------+---------+-------
      Total |     694 |    1577 |  69.4 |      77 |      40 |  34.2
            +---------+---------+-------+---------+---------+-------
        D:1 |      49 |       0 |   0.0 |      26 |       0 |   0.0
        D:2 |      44 |       0 |   0.0 |      12 |       0 |   0.0
        D:3 |      84 |      82 |  49.4 |      19 |      17 |  47.2
        D:4 |     245 |    1143 |  82.3 |      12 |      21 |  63.6
        D:5 |     272 |     352 |  56.4 |       8 |       2 |  20.0
            +---------+---------+-------+---------+---------+-------
